 Dungeon Crawl Stone Soup version 0.25-a0-975-gcae8493d64 (webtiles) character file.

Game seed: 9496789166696218633, levelgen mode: deterministic

10616 HoaS the Grappler (level 11, 0/77 HPs)
             Began as a Gargoyle Berserker on May 9, 2020.
             Was a High Priest of Trog.
             Slain by an ice beast (7 damage)
             ... summoned by an ice statue
             ... in an ice cave.
             The game lasted 00:29:23 (13831 turns).

HoaS the Grappler (Gargoyle Berserker)             Turns: 13831, Time: 00:29:24

Health: 0/77       AC: 21    Str: 25    XL:     11   Next: 64%
Magic:  11/11      EV:  7    Int:  7    God:    Trog [*****.]
Gold:   739        SH:  0    Dex:  9    Spells: 10/10 levels left

rFire    . . .     SeeInvis .     - Unarmed
rCold    + . .     Gourm    .   (no shield)
rNeg     + . .     Faith    .   A - +0 plate armour
rPois    ∞         Spirit   .   l - +0 helmet
rElec    +         Reflect  .   j - scarf {repulsion}
rCorr    .         Harm     .   t - +0 pair of gloves
MR       +....                  (no boots)
Stlth    ..........             (no amulet)
HPRegen  0.22/turn              d - ring of protection from fire
MPRegen  0.12/turn              x - ring of Gerior {+Fly rF- rC+ MR+}

@: berserk cooldown, slowed, repel missiles, very slow
A: negative energy resistance 1, electricity resistance, unbreathing,
petrification resistance, rot immunity, AC +8
a: Berserk, Trog's Hand, Brothers in Arms, Renounce Religion, Evoke Flight


You were in an ice cave.
You worshipped Trog.
Trog was extremely pleased with you.
You were not hungry.

You visited 2 branches of the dungeon, and saw 11 of its levels.
You also visited: Ice Cave.

You collected 739 gold pieces.

Inventory:

Armour
 j - a scarf of repulsion (worn)
 l - a +0 helmet (worn)
 t - a +0 pair of gloves (worn)
 A - a +0 plate armour (worn)
Jewellery
 d - a ring of protection from fire (left hand)
 v - an uncursed ring of stealth
 x - the ring of Gerior (right hand) {+Fly rF- rC+ MR+}
   (You found it on level 6 of the Dungeon)

   [ring of protection from magic]

   It makes you vulnerable to fire.
   It protects you from cold.
   It affects your resistance to hostile enchantments.
   It lets you fly.
 D - an uncursed ring of fire {unknown}
 F - a +4 ring of intelligence {unknown}
Wands
 k - a wand of disintegration (11)
 o - a wand of random effects (47)
 r - a wand of acid (6)
 y - a wand of flame (23)
Scrolls
 f - 5 scrolls of remove curse
 s - a scroll of identify
 z - a scroll of teleportation
 C - a scroll of blinking
Potions
 a - 2 potions of flight
 c - 2 potions of might {unknown}
 e - 5 potions of curing
 g - a potion of berserk rage {unknown}
 h - 2 potions of stabbing
 i - 3 potions of degeneration {unknown}
 m - 2 potions of mutation {unknown}
 n - 2 potions of haste {unknown}
 p - a potion of resistance {unknown}
 q - 4 potions of ambrosia
 u - 3 potions of heal wounds
 w - 3 potions of lignification
 B - a potion of cancellation {unknown}
Comestibles
 b - 25 rations


   Skills:
 + Level 12.9 Fighting
 - Level 2.1 Armour
 - Level 1.5 Dodging
 * Level 13.5 Unarmed Combat


You had 10 spell levels left.
You didn't know any spells.
Your spell library was empty.

Dungeon Overview and Level Annotations

Branches:
Dungeon (10/15)            Temple (0/1) D:4            Lair (1/6) D:8
    Orc (0/2) D:9           IceCv (1/1)

Altars:
Fedhas
Kikubaaqudgha
Sif Muna
Xom
Beogh

Shops:
D:7 *

Annotations:
D:10 exclusion: ice statue IceCv exclusion: 2 ice statues


Innate Abilities, Weirdness & Mutations

You are resistant to torment.
Your stone body is resilient. (AC +8)
You are immune to poison.
You resist negative energy. (rN+)
You are resistant to electric shocks. (rElec)
You can survive without breathing.
You are immune to petrification.
You are immune to rotting.


Message History

You barely miss the ice beast. The ice beast hits you.
The ice beast freezes you. You resist.
You hit the ice beast but do no damage.
The ice beast hits you but does no damage.
You're too hungry.
You eat one of the 26 rations.
That ration really hit the spot!
The ice beast completely misses you.
The ice beast hits you but does no damage.
The ice beast hits you. The ice beast freezes you! You resist.
* * * LOW HITPOINT WARNING * * *
The ice beast hits you.
* * * LOW HITPOINT WARNING * * *
The ice beast freezes you! You resist.
* * * LOW HITPOINT WARNING * * *
The ice beast closely misses you.
Your ogre goes berserk!
You feel quite a bit more hungry. The ice beast hits you.
* * * LOW HITPOINT WARNING * * *
The ice beast freezes you! You resist.
You die...

############# #######
##.....#(:(..## ##.....#
#......#|.....###......#
.......#.......#.......#
.......#.......#Y......#
.......÷......YY@.∩..∩.#
.......#......Y#Y.O....#
.......#.......#.......#
#......#[.....###......#
##....8#[....## ##.....#
############# #######


You could see 5 ice beasts and a friendly ogre (summoned, berserk).

Vanquished Creatures
  An unseen horror (D:10)
  Pikel (D:8)
  2 ugly things
  A cyclops (D:10)
  An ice statue (IceCv)
  2 komodo dragons
  A meliai zombie (D:8)
  A hippogriff (D:9)
  4 hogs (D:7)
  A wyvern (D:9)
  A human (D:7)
  3 orc warriors
  2 sky beasts
  A black bear (D:8)
  3 ogres
  A necrophage (D:7)
  16 ice beasts
  3 phantoms (D:8)
  2 centaurs
  A big kobold (D:10)
  4 bullfrogs
  A gnoll sergeant (D:8)
  2 wyvern zombies
  2 scorpions
  A water moccasin skeleton (D:9)
  3 killer bees (D:5)
  6 wights (D:6)
  2 howler monkeys
  6 crimson imps
  A bullfrog zombie (D:2)
  A quasit (D:10)
  A jelly (D:8)
  6 hounds
  A centaur skeleton (D:7)
  7 orc priests
  5 gnoll shamans
  2 bullfrog skeletons
  4 iguanas
  Natasha (thrice) (D:2)
  16 orc wizards
  10 worker ants
  A hound skeleton (D:9)
  A howler monkey zombie (D:5)
  A worker ant zombie (D:7)
  54 gnolls
  7 adders
  4 shadow imps
  An ooze (D:6)
  An adder zombie (D:9)
  2 adder skeletons
  6 worms
  A dart slug (D:2)
  A leopard gecko (D:3)
  60 orcs
  8 giant cockroaches
  10 goblins
  5 hobgoblins
  17 jackals
  6 quokkas
  A ball python skeleton (D:5)
  5 bats
  6 frilled lizards
  2 jackal zombies
  5 kobolds
  A leopard gecko zombie (D:7)
  6 rats
344 creatures vanquished.

Vanquished Creatures (others)
  4 bushes (D:7)
  11 plants (D:7)
15 creatures vanquished.

Grand Total: 359 creatures vanquished

Notes
Turn   | Place    | Note
-------+----------+-------------------------------------------
     0 | D:1      | HoaS the Gargoyle Berserker began the quest for the Orb.
     0 | D:1      | Reached XP level 1. HP: 14/14 MP: 1/1
   246 | D:1      | You fall into a shaft and drop 1 floor!
   518 | D:2      | Reached XP level 2. HP: 19/19 MP: 2/2
  1234 | D:2      | You fall into a shaft and drop 2 floors!
  1284 | D:3      | Reached XP level 3. HP: 8/24 MP: 3/3
  1647 | D:2      | Reached skill level 4 in Unarmed Combat
  1647 | D:2      | Reached XP level 4. HP: 22/29 MP: 4/4
  1970 | D:2      | Noticed Natasha
  1981 | D:2      | Killed Natasha
  2209 | D:2      | Reached ** piety under Trog
  2244 | D:2      | Noticed Natasha
  2271 | D:2      | Killed Natasha
  2271 | D:2      | Reached XP level 5. HP: 20/34 MP: 5/5
  2522 | D:2      | Found a shimmering altar of Xom.
  2542 | D:2      | Reached skill level 5 in Unarmed Combat
  2544 | D:2      | Found an ancient bone altar of Kikubaaqudgha.
  2657 | D:2      | Noticed Natasha
  2667 | D:2      | Killed Natasha
  3314 | D:2      | Reached XP level 6. HP: 25/40 MP: 6/6
  3438 | D:3      | Reached skill level 5 in Fighting
  3736 | D:3      | Reached skill level 6 in Unarmed Combat
  4293 | D:4      | Reached XP level 7. HP: 30/44 MP: 7/7
  4626 | D:4      | Found a staircase to the Ecumenical Temple.
  4756 | D:4      | Reached skill level 7 in Unarmed Combat
  4980 | D:4      | Reached *** piety under Trog
  5058 | D:4      | Found a blossoming altar of Fedhas.
  5063 | D:4      | Found a shimmering blue altar of Sif Muna.
  5620 | D:4      | Reached XP level 8. HP: 52/52 MP: 8/8
  5658 | D:4      | Reached skill level 8 in Unarmed Combat
  6403 | D:5      | Entered Level 5 of the Dungeon
  6670 | D:5      | Reached **** piety under Trog
  6670 | D:5      | Reached skill level 9 in Unarmed Combat
  6687 | D:5      | Found a runed translucent door.
  7263 | D:5      | Found a runed translucent door.
  7406 | D:5      | Reached XP level 9. HP: 58/58 MP: 9/9
  7517 | D:6      | Reached skill level 10 in Unarmed Combat
  7947 | D:6      | Got a bound jade ring
  8407 | D:7      | Got a translucent scale mail
  8423 | D:7      | Identified the +4 scale mail of Ihewoodgh {*Drain rElec
                  | Int+9 Slay-3} (You found it on level 7 of the Dungeon)
  8528 | D:7      | Found a blossoming altar of Fedhas.
  8611 | D:7      | Reached skill level 11 in Unarmed Combat
  8621 | D:7      | Reached ***** piety under Trog
  8676 | D:7      | Found Zixin's Assorted Antiques.
  8863 | D:7      | Reached XP level 10. HP: 57/66 MP: 10/10
  9630 | D:8      | Identified the ring of Gerior {+Fly rF- rC+ MR+} (You found
                  | it on level 6 of the Dungeon)
  9637 | D:8      | Noticed Pikel
  9671 | D:8      | Killed Pikel
  9671 | D:8      | Reached skill level 10 in Fighting
  9671 | D:8      | Reached skill level 12 in Unarmed Combat
  9938 | D:8      | Received a gift from Trog
 10896 | D:8      | Found a staircase to the Lair.
 10998 | D:9      | Noticed a purple ugly thing
 11026 | D:9      | Killed a purple ugly thing
 11559 | D:9      | Reached XP level 11. HP: 76/76 MP: 11/11
 11566 | D:9      | Found a roughly hewn altar of Beogh.
 11566 | D:9      | Found a staircase to the Orcish Mines.
 11757 | D:9      | Received a gift from Trog
 12033 | D:10     | Entered Level 10 of the Dungeon
 12401 | D:10     | Found a shimmering altar of Xom.
 12492 | D:10     | Noticed a cyclops
 12516 | D:10     | Killed a cyclops
 12639 | D:10     | Killed an unseen horror
 13122 | Lair:1   | Entered Level 1 of the Lair of Beasts
 13189 | Lair:1   | Reached skill level 13 in Unarmed Combat
 13304 | Lair:1   | Found a frozen archway.
 13347 | IceCv    | Entered an ice cave
 13585 | IceCv    | Noticed a white ugly thing
 13593 | IceCv    | Killed a white ugly thing
 13831 | IceCv    | Slain by an ice beast

Illustrated notes

Levels and vault maps discovered:
D:1:      minmay_arrival_nine_rooms, layout_loops_ring,
          chequers_serial_rivers_room_b, minmay_3d_cube
D:2:      layout_basic, xom_teletrap_fun, marbit_many_paths, first_ration,
          uniq_natasha
D:3:      layout_rooms
D:4:      lemuel_castle_with_subvaults [lemuel_castle_interior_carwin_1],
          layout_rooms, amethyst_overflow_temple_binary, temple_green,
          serial_curves, eino_curves_02, eino_curves_03, eino_curves_01
D:5:      lemuel_insect_pit, layout_loops_ring
D:6:      layout_basic, serial_curves, eino_curves_03, eino_curves_04
D:7:      layout_basic, serial_shops, nicolae_shop_statue_plus, grunt_livestock,
          minivault_1, fedhas_altar_decomposition
D:8:      layout_gridville, lair_entry_dummy, uniq_pikel
D:9:      layout_layer_cave, david_orc_5
D:10:     lemuel_ice_statue, layout_cave_pools, basic_altar,
          kennysheep_another_room
Lair:1:   layout_small_grid, portal_ice_cave_entry_ice_beasts,
          serial_bayou_shore_a, lemuel_fruit_tree, infiniplex_staircase_pool_2,
          lemuel_fruit_fields
IceCv:    ice_cave_statue_garden_chambered

Skill      XL: |  1  2  3  4  5  6  7  8  9 10 11 |
---------------+----------------------------------+-----
Fighting       | 4 5 6 7 9 12 | 12.9
Unarmed Combat | 4 5 6 7 9 11 12 13 | 13.5
Armour         | |  2.1
Dodging        | |  1.5

Action                   |  1- 3 |  4- 6 |  7- 9 | 10-12 || total
-------------------------+-------+-------+-------+-------++-------
Melee: Unarmed           |   101 |   187 |   637 |   520 ||  1445
       Punch             |     2 |     1 |    19 |    12 ||    34
Invok: Trog's Hand       |       |     2 |     5 |     1 ||     8
       Berserk           |       |     1 |     1 |     2 ||     4
       Brothers in Arms  |       |       |       |     1 ||     1
  Use: Scroll            |       |       |    13 |     5 ||    18
  Eat: Chunk             |     2 |    11 |    18 |    16 ||    47
       Ration            |       |       |       |     1 ||     1
Armor: Animal skin       |     3 |       |       |       ||     3
       Chain mail        |    30 |    76 |   353 |    10 ||   469
       Ring mail         |    10 |       |       |       ||    10
       Plate armour      |       |       |       |   316 ||   316
Dodge: Dodged            |    47 |    61 |   221 |   159 ||   488
       Repelled          |       |     4 |     3 |     4 ||    11

Table legend:
 A = Non-vault XP
 B = Vault XP
 C = Vault XP percentage of total XP
 D = Non-vault monster count
 E = Vault monster count
 F = Vault count percentage of total count
                 A         B        C        D         E       F
            +---------+---------+-------+---------+---------+-------
      Total |    8737 |    6430 |  42.4 |     221 |     123 |  35.8
            +---------+---------+-------+---------+---------+-------
        D:1 |      16 |       8 |  33.3 |      12 |       5 |  29.4
        D:2 |     206 |      37 |  15.2 |      20 |       2 |   9.1
        D:3 |     277 |       0 |   0.0 |      29 |       0 |   0.0
        D:4 |     326 |     833 |  71.9 |      23 |      55 |  70.5
        D:5 |     513 |     456 |  47.1 |      25 |      12 |  32.4
        D:6 |     735 |       0 |   0.0 |      23 |       0 |   0.0
        D:7 |     626 |    1188 |  65.5 |      18 |      10 |  35.7
        D:8 |    1894 |     685 |  26.6 |      30 |       1 |   3.2
        D:9 |    1723 |     394 |  18.6 |      26 |      22 |  45.8
       D:10 |    2071 |       0 |   0.0 |      14 |       0 |   0.0
     Lair:1 |     350 |    1082 |  75.6 |       1 |       8 |  88.9
      IceCv |       0 |    1747 | 100.0 |       0 |       8 | 100.0
            +---------+---------+-------+---------+---------+-------
